 Dungeon Crawl Stone Soup version 0.31.0-11-ge490571c62 (webtiles) character file.

Game seed: 209168767732295145

87897 dorian the Swashbuckler (level 15, -2/82 HPs)
             Began as a Vine Stalker Brigand on Jan 26, 2024.
             Was an Elder of Uskayaw.
             Slain by a ghost moth (17 damage)
             ... on level 2 of the Spider Nest.
             The game lasted 00:51:39 (21140 turns).

dorian the Swashbuckler (Vine Stalker Brigand)     Turns: 21140, Time: 00:51:39

Health: -2/82      AC: 12    Str: 17 (19) XL:     15   Next: 92%
Magic:  0/23       EV: 23    Int: 11      God:    Uskayaw [****..]
Gold:   539        SH: 13    Dex: 21 (22) Spells: 14/14 levels left

rFire   + . .        E - +6 short sword (freeze)
rCold   + + .        O - +1 buckler {AC+3}
rNeg    . . .        m - +2 leather armour {rF+}
rPois   +            y - +2 hat
rElec   .            A - +0 cloak
rCorr   .            F - +0 pair of fencer's gloves {Riposte Dex+3}
SInv    .            (no boots)
Will    +....        v - amulet of reflection
Stlth   ++++         D - ring "Byfyink" {rPois rC++ EV+5 Str+3 Dex-2}
HPRegen 1.13/turn    z - +4 ring of slaying
MPRegen 0.18/turn

%: reflection, guardian spirit
@: studying Shields
A: fangs 3, regeneration 1, magic shield, antimagic bite, no potion heal 2
a: Renounce Religion, Stomp, Line Pass


You were on level 2 of the Spider Nest.
You worshipped Uskayaw.
Uskayaw was aware of your devotion.
You visited 5 branches of the dungeon, and saw 25 of its levels.
You visited 1 bazaar.
You also visited: Sewer, Ossuary and Bailey.

You collected 3131 gold pieces.
You spent 2592 gold pieces at shops.

Inventory:

Hand Weapons
 E - a +6 short sword of freezing (weapon)
Missiles
 e - 21 curare-tipped darts
 H - 10 atropa-tipped darts
 K - 4 darts of dispersal
Armour
 c - a +1 helmet
 m - a +2 leather armour of fire resistance (worn)
 y - a +2 hat (worn)
 A - a +0 cloak (worn)
 F - the +0 pair of fencer's gloves (worn) {Riposte Dex+3}
   (You bought it in a shop on level 3 of the Dungeon)

   Riposte:   It allows the wearer to riposte with melee weapons, swiftly
   retaliating against missed or blocked melee attacks.
   Dex+3:     It affects your dexterity (+3).
 L - a +0 kite shield
 O - a +1 buckler of protection (worn)
 R - a scarf of repulsion
 W - the +2 pair of gloves "Tiyledu" {-Cast ^Contam +Inv Will+++}
   (You found it on level 1 of the Lair of Beasts)

   Will+++:   It greatly increases your willpower.
   +Inv:      It lets you turn invisible.
   -Cast:     It prevents spellcasting.
   ^Contam:   It causes magical contamination when unequipped.
Jewellery
 o - the ring "Ziejyam" {rCorr Int+5}
   (You bought it in a shop on level 2 of the Orcish Mines)

   [ring of resist corrosion]

   Int+5:     It affects your intelligence (+5).
   rCorr:     It protects you from acid and corrosion.
 v - an amulet of reflection (around neck)
 z - a +4 ring of slaying (right hand)
 D - the ring "Byfyink" (left hand) {rPois rC++ EV+5 Str+3 Dex-2}
   (You acquired it on level 7 of the Dungeon)

   [ring of evasion]

   EV+5:      It affects your evasion (+5).
   Str+3:     It affects your strength (+3).
   Dex-2:     It affects your dexterity (-2).
   rC++:      It greatly protects you from cold.
   rPois:     It protects you from poison
 S - a ring of flight
 V - a ring of protection from cold
 Y - a ring of willpower
Wands
 b - a wand of light (2)
 j - a wand of paralysis (47)
 l - a wand of iceblast (22)
 B - a wand of flame (28)
 G - a wand of mindburst (16)
Scrolls
 p - 3 scrolls of fog
 r - 9 scrolls of identify
 t - 17 scrolls of teleportation
 u - 3 scrolls of torment
 x - 2 scrolls of immolation
 C - a scroll of vulnerability {unknown}
 N - 2 scrolls of enchant armour
 P - 3 scrolls of poison
 Q - a scroll of fear
 U - 2 scrolls of enchant weapon
 X - 2 scrolls of revelation
Potions
 d - 2 potions of might
 f - 3 potions of magic
 g - 8 potions of brilliance
 h - 2 potions of haste
 i - 2 potions of attraction
 k - 3 potions of cancellation
 n - 3 potions of enlightenment
 q - 13 potions of curing
 s - 3 potions of invisibility
 w - 5 potions of heal wounds
 J - 3 potions of mutation
 M - a potion of ambrosia
Miscellaneous
 a - a box of beasts (inert)
 I - a tin of tremorstones (2/2)


   Skills:
 + Level 11.0 Fighting
 * Level 15.0 Short Blades
 - Level 1.7 Throwing
 + Level 9.9 Dodging
 + Level 8.8 Stealth
 * Level 9.9 Shields
 + Level 10.2 Invocations
 + Level 6.2 Evocations


You had 14 spell levels left.
You didn't know any spells.
Your spell library contained the following spells:

 Spells                   Type           Power      Damage    Failure   Level
 Magic Dart               Conj           0%         1d3       45%         1
 Necrotise                Necr           0%         1d4       45%         1
 Slow                     Hex            0%         N/A       45%         1
 Sting                    Conj/Alch      0%         1d3       45%         1
 Blink                    Tloc           0%         N/A       61%         2
 Call Imp                 Summ           0%         N/A       61%         2
 Jinxbite                 Hex            0%         N/A       61%         2
 Mercury Vapours          Alch/Air       0%         N/A       61%         2
 Confusing Touch          Hex            0%         N/A       83%         3
 Hailstorm                Conj/Ice       0%         3d5       83%         3
 Sigil of Binding         Hex            0%         N/A       83%         3
 Summon Ice Beast         Ice/Summ       0%         N/A       83%         3
 Vampiric Draining        Necr           0%         2d6       83%         3
 Martyr's Knell           Necr/Summ      0%         N/A       99%         4
 Olgreb's Toxic Radiance  Alch           0%         N/A       99%         4
 Curse of Agony           Necr           0%         N/A       100%        5
 Yara's Violent Unravell  Hex/Alch       0%         3d3       100%        5
 Sculpt Simulacrum        Ice/Alch       0%         N/A       100%        6
 Enfeeble                 Hex            0%         N/A       100%        7


Dungeon Overview and Level Annotations

Branches:
Dungeon (15/15) Zot: 26101  Temple (1/1) D:6 Zot: 5942    Lair (5/5) D:11 Zot: 25165
 Shoals (0/4) Lair:3       Spider (2/4) Lair:2 Zot: 11605     Orc (2/2) D:10 Zot: 10247
 Vaults (0/5) D:13          Sewer (visited)         Ossuary (visited)
 Bailey (visited)
  Slime: Lair:4-5       Elf: Orc:2       Depths: D:15

Altars:
Ashenzari
Cheibriados
Dithmenos
Elyvilon
Fedhas
Gozag
Hepliaklqana
Kikubaaqudgha
Makhleb
Nemelex Xobeh
Okawaru
Qazlal
Ru
Sif Muna
Trog
Uskayaw
Vehumet
Wu Jian
Xom
Yredelemnul
Zin
The Shining One

Shops:
D:2 (:   D:3 (*[   D:4 !   D:7 *   D:13 ==(   Orc:1 *   Orc:2 =[*(

Portals:
Trove: D:11 (show abyssal rune of Zot)

Annotations:
Lair:3 2 transporters, Yjeari's ghost, journeyman GrMo
Lair:5 exclusion: 2 oklob plants


Innate Abilities, Weirdness & Mutations

You have razor-sharp teeth.
Your natural rate of healing is unusually fast.
When hurt, damage is shared between your health and your magic reserves.
Your bite disrupts and absorbs the magic of your enemies.
Potions cannot restore your health.


Message History

You feel clumsy. Something misses you.
Your tin of tremorstones (2/2) has regained one charge.
You barely miss something. Your bite misses something.
The culicivora chitters at the jumping spider.
The jumping spider's wounds heal themselves!
You feel you are being watched by something.
You feel your power leaking away. Something barely misses you.
Something hits you!
You feel weakened. Something stings you! The jumping spider pounces on you!
* * * LOW HITPOINT WARNING * * *
The jumping spider barely misses you. The culicivora bites you!
* * * LOW HITPOINT WARNING * * *
The culicivora draws strength from your injuries!
Something closely misses you. Something hits you but does no damage.
Something stings you.
* * * LOW HITPOINT WARNING * * *
You see here a tarantella corpse.
Okay, then.
You are too confused!
The jumping spider pounces on you but does no damage.
The jumping spider completely misses you.
You hit the culicivora. You freeze the culicivora. You bite the culicivora.
You drain its power.
You feel invigorated.
The culicivora is almost dead.
You hit the culicivora. You freeze the culicivora.
You kill the culicivora!
The jumping spider attacks as it pursues you!
The jumping spider misses you.
The jumping spider bites you but does no damage.
You feel you are being watched by something.
You feel your power leaking away.
The jumping spider leaps!
You bump into the rock wall.
You feel less confused.
The jumping spider is no longer sharing its pain.
Something hits you!!
You die...

#~## ## ... .#.
##~ #.. ... .
~~.. .. .. ...
.....#. .#...#
#....#.###......
#.>......#.....
###....@..#$#.$.
/.....#°<.....#
........†.....#≈
....$....^..)...
..s...?.##...)..
..#####.# ......
# ..# ...#..
.... ..^.# .....
.##..


You could see a jumping spider.

Vanquished Creatures
  A fire giant (D:13)
  An orc warlord (Orc:1)
  A broodmother (Spider:1)
  Nessos (D:13)
  Josephine (D:11)
  4 hydras
  6 catoblepae
  A centaur warrior (D:14)
  2 boulder beetles
  A tengu warrior (D:13)
  7 two-headed ogres
  7 death yaks (Lair:5)
  A demonic crawler (Lair:2)
  A pharaoh ant (Spider:1)
  6 skysharks
  2 steelbarb worms (Spider:2)
  A deep elf pyromancer (D:13)
  5 orc knights
  6 manticores
  2 orc sorcerers (Orc:1)
  An ugly thing (D:13)
  A cyclops (D:8)
  Maurice (D:8)
  A meliai (shapeshifter) (D:14)
  3 kobold blastminers
  3 meliai (D:13)
  4 black mambas
  24 elephants
  2 gargoyles
  4 torpor snails
  Maggie (D:7)
  4 rime drakes
  11 cane toads
  An efreet (D:14)
  6 komodo dragons
  A hornet (D:10)
  3 merfolk (Lair:3)
  3 tarantellas
  7 trolls
  Prince Ribbit (D:5)
  Grinder (D:3)
  2 polar bears
  9 blink frogs
  13 dream sheep (Lair:5)
  8 culicivoras
  A slime creature (D:7)
  A spriggan (D:7)
  5 jumping spiders (Spider:1)
  A shadow (D:10)
  5 wyverns
  42 yaks
  6 wraiths
  2 steam dragons
  4 vampire mosquitoes (D:15)
  4 wargs
  4 basilisks
  15 redbacks (Spider:1)
  2 acid dragons
  10 water moccasins
  40 orc warriors
  A sky beast (D:7)
  4 black bears
  A swamp drake (D:10)
  4 ice beasts
  6 wolves
  6 ogres
  19 centaurs
  2 phantoms (D:5)
  8 kobold brigands
  9 bullfrogs
  4 gnoll sergeants
  4 scorpions
  A wyvern zombie (D:6)
  25 wights
  10 killer bees
  2 howler monkeys (D:8)
  An electric eel (Lair:4)
  2 bombardier beetles
  2 hounds
  A bullfrog zombie (D:6)
  8 jellies
  12 orc priests
  A gnoll bouda (D:9)
  3 sleepcaps
  7 iguanas
  Ijyb (D:3)
  Natasha (twice) (D:3)
  20 orc wizards
  8 mummies (Ossuary)
  Robin (D:5)
  38 gnolls
  11 adders
  2 river rats (Sewer)
  A shadow imp (D:6)
  A white imp (D:5)
  2 ufetubi (D:5)
  8 ribbon worms
  4 dart slugs
  81 orcs
  10 ball pythons
  23 endoplasms
  6 giant cockroaches
  A gnoll zombie (Ossuary)
  12 goblins
  10 hobgoblins
  11 jackals
  10 quokkas
  10 bats
  3 frilled lizards
  3 hobgoblin zombies (Ossuary)
  26 kobolds
  2 kobold zombies (Ossuary)
  2 orc zombies (Ossuary)
  5 rats
771 creatures vanquished.

Vanquished Creatures (collateral kills)
  An orc warrior (Orc:2)
  An orc (Orc:2)
2 creatures vanquished.

Grand Total: 773 creatures vanquished

Notes
Turn   | Place    | Note
-------+----------+-------------------------------------------
     0 | D:1      | dorian the Vine Stalker Brigand began the quest for the
                  | Orb.
     0 | D:1      | Reached XP level 1. HP: 11/11 MP: 2/2
   166 | D:1      | Reached skill level 2 in Short Blades
   199 | D:1      | Reached skill level 1 in Dodging
   199 | D:1      | Reached XP level 2. HP: 15/15 MP: 3/3
   206 | D:1      | Reached skill level 5 in Stealth
   675 | D:2      | Reached XP level 3. HP: 18/18 MP: 4/4
   692 | D:2      | Found Sosooqoa's Weapon Boutique.
   971 | D:2      | Found Yreonexu's Book Shoppe.
  1286 | D:2      | Reached XP level 4. HP: 23/23 MP: 5/5
  1365 | D:3      | Found an iron altar of Okawaru.
  1379 | D:3      | Found Eheix's General Store.
  1435 | D:3      | Reached skill level 3 in Short Blades
  1471 | D:3      | Found Mimum's Weapon Shop.
  1498 | D:3      | Reached XP level 5. HP: 26/27 MP: 6/6
  1590 | D:3      | Found a glowing golden altar of the Shining One.
  1594 | D:3      | Noticed Grinder
  1594 | D:3      | Paralysed by Grinder for 4 turns
  1602 | D:3      | Killed Grinder
  1603 | D:3      | Reached skill level 4 in Short Blades
  1603 | D:3      | Reached XP level 6. HP: 32/32 MP: 5/7
  1651 | D:3      | Found an ornate altar of the Wu Jian Council.
  1665 | D:3      | Noticed Ijyb
  1669 | D:3      | Killed Ijyb
  1847 | D:3      | Found an opulent altar of Gozag.
  1868 | D:3      | Noticed Natasha
  1869 | D:3      | Found Qepin's Antique Armour Boutique.
  1883 | D:3      | Killed Natasha
  1899 | D:3      | Found a blossoming altar of Fedhas.
  1966 | D:3      | Noticed Natasha
  1977 | D:3      | Killed Natasha
  2020 | D:4      | Found a sand-covered staircase.
  2028 | Ossuary  | Entered an ossuary
  2137 | Ossuary  | Reached XP level 7. HP: 36/36 MP: 8/8
  2468 | D:4      | Found a snail-covered altar of Cheibriados.
  2746 | D:4      | Reached skill level 5 in Short Blades
  2941 | D:4      | Found Ynuedut's Distillery.
  3175 | D:4      | Gained mutation: You have razor-sharp teeth. [Vine Stalker
                  | growth]
  3175 | D:4      | Reached XP level 8. HP: 41/42 MP: 6/9
  3413 | D:5      | Entered Level 5 of the Dungeon
  3465 | D:5      | Noticed Prince Ribbit
  3478 | D:5      | Killed Prince Ribbit
  3479 | D:5      | Reached skill level 6 in Short Blades
  3771 | D:5      | Noticed Robin
  3794 | D:5      | Killed Robin
  3873 | D:5      | Found a sacrificial altar of Ru.
  4139 | D:5      | Reached skill level 5 in Fighting
  4139 | D:5      | Reached skill level 7 in Short Blades
  4159 | D:5      | Reached XP level 9. HP: 47/47 MP: 10/10
  4558 | D:6      | Found a glowing drain.
  4562 | Sewer    | Entered a sewer
  5128 | D:6      | Found a staircase to the Ecumenical Temple.
  5183 | Temple   | Entered the Ecumenical Temple
  5212 | Temple   | Became a worshipper of Uskayaw the Reveller
  5261 | D:6      | Reached * piety under Uskayaw
  5267 | D:6      | Reached ** piety under Uskayaw
  5361 | D:6      | Reached *** piety under Uskayaw
  5405 | D:6      | Reached skill level 1 in Invocations
  5408 | D:6      | Reached **** piety under Uskayaw
  5437 | D:6      | Found a radiant altar of Vehumet.
  5449 | D:6      | Reached skill level 8 in Short Blades
  5762 | D:6      | Reached skill level 5 in Dodging
  5767 | D:6      | Found a basalt altar of Yredelemnul.
  5920 | D:7      | Reached ***** piety under Uskayaw
  5959 | D:7      | Noticed Maggie
  5967 | D:7      | Killed Maggie
  5968 | D:7      | Reached XP level 10. HP: 53/53 MP: 13/13
  6007 | D:7      | Found Purociq's General Store.
  6061 | D:7      | Reached skill level 9 in Short Blades
  6651 | D:3      | Bought the +0 pair of fencer's gloves {Riposte Dex+3} for
                  | 440 gold pieces
  6651 | D:3      | Found the +0 pair of fencer's gloves {Riposte Dex+3}
  6733 | D:8      | Found a hazy altar of Hepliaklqana.
  7012 | D:8      | Noticed a cyclops
  7023 | D:8      | Killed a cyclops
  7024 | D:8      | Reached skill level 10 in Short Blades
  7648 | D:8      | Reached XP level 11. HP: 56/58 MP: 15/15
  7755 | D:8      | Noticed Maurice
  7763 | D:8      | Killed Maurice
  7764 | D:8      | Reached skill level 5 in Invocations
  7925 | D:9      | Found a flagged portal.
  7932 | Bailey   | Entered a bailey
  8026 | Bailey   | Found a burning altar of Makhleb.
  8313 | D:9      | Reached ****** piety under Uskayaw
  8600 | D:9      | Reached skill level 11 in Short Blades
  8679 | D:9      | Noticed a two-headed ogre
  8687 | D:9      | Killed a two-headed ogre
  8863 | D:10     | Entered Level 10 of the Dungeon
  8863 | D:10     | Found a shadowy altar of Dithmenos.
  9005 | D:10     | Noticed a two-headed ogre
  9025 | D:10     | Killed a two-headed ogre
  9173 | D:10     | Found a stormy altar of Qazlal.
  9512 | D:10     | Found a staircase to the Orcish Mines.
  9707 | D:11     | Reached XP level 12. HP: 60/65 MP: 17/17
  9767 | D:11     | Found a staircase to the Lair.
 10000 | D:11     | Noticed Josephine
 10199 | D:11     | Noticed a two-headed ogre
 10207 | D:11     | Killed a two-headed ogre
 10208 | D:11     | Reached skill level 12 in Short Blades
 10408 | D:11     | Found a portal to a secret trove of treasure.
 10456 | D:11     | Noticed a boulder beetle
 10460 | D:11     | Killed a boulder beetle
 10470 | D:11     | Killed Josephine
 10792 | D:12     | Noticed a boulder beetle
 10800 | D:12     | Noticed a two-headed ogre
 10801 | D:12     | Killed a boulder beetle
 10809 | D:12     | Killed a two-headed ogre
 10810 | D:12     | Reached skill level 1 in Evocations
 10820 | D:12     | Noticed a two-headed ogre
 10824 | D:12     | Killed a two-headed ogre
 11461 | D:7      | Bought a scroll of acquirement for 676 gold pieces
 11461 | D:7      | Acquired the ring "Byfyink" {rPois rC++ EV+5 Str+3 Dex-2}
 11610 | D:13     | Found Hocsilaerap's Jewellery Shop.
 11640 | D:13     | Found a flickering gateway to a bazaar.
 11653 | Bazaar   | Entered a bazaar
 11654 | Bazaar   | Found Ucuclol's Jewellery Boutique.
 11707 | Bazaar   | Found Ditut's Assorted Antiques.
 11707 | Bazaar   | Found Ydio's Magic Scroll Boutique.
 11708 | Bazaar   | Found Sepsulas's Distillery.
 11721 | Bazaar   | Bought a scroll of enchant weapon for 90 gold pieces
 11721 | Bazaar   | Bought 2 scrolls of enchant armour for 180 gold pieces
 11721 | Bazaar   | Bought a scroll of brand weapon for 114 gold pieces
 11736 | Bazaar   | Bought a potion of curing for 84 gold pieces
 11911 | D:13     | Noticed a two-headed ogre
 11981 | D:13     | Found Ufiem's Jewellery Emporium.
 12027 | D:13     | Noticed a tengu warrior
 12031 | D:13     | Reached skill level 1 in Shields
 12036 | D:13     | Killed a tengu warrior
 12037 | D:13     | Reached XP level 13. HP: 41/70 MP: 10/19
 12110 | D:13     | Found Quicem's Antique Weapon Shoppe.
 12150 | D:13     | Noticed Nessos
 12153 | D:13     | Killed Nessos
 12280 | D:13     | Reached skill level 13 in Short Blades
 12561 | D:13     | Found a gate to the Vaults.
 12562 | D:13     | Noticed a fire giant
 12569 | D:13     | Killed a fire giant
 12887 | D:14     | Found a shimmering blue altar of Sif Muna.
 12944 | D:14     | You fall into a shaft and drop 1 floor!
 12944 | D:15     | Entered Level 15 of the Dungeon
 13073 | D:15     | Identified the +1 scale mail of Fanaticism {+Inv Stlth+}
 13508 | Lair:1   | Entered Level 1 of the Lair of Beasts
 13994 | Lair:1   | Identified the +9 dagger "Hyopuxt" {freeze, *Noise *Corrode
                  | rPois Stlth+}
 14017 | Lair:1   | Identified the +2 pair of gloves "Tiyledu" {-Cast ^Contam
                  | +Inv Will+++}
 14412 | Lair:2   | Reached skill level 5 in Shields
 14425 | Lair:2   | Reached XP level 14. HP: 75/76 MP: 21/21
 14482 | Lair:2   | Found a hole to the Spider Nest.
 14950 | Lair:2   | Found a hazy altar of Hepliaklqana.
 15080 | Lair:3   | Reached skill level 10 in Fighting
 15086 | Lair:3   | Found a transporter.
 15117 | Lair:3   | Found a transporter.
 15133 | Lair:3   | Noticed Yjeari's ghost (journeyman GrMo)
 15182 | Lair:3   | Found a staircase to the Shoals.
 16045 | Lair:4   | Reached skill level 14 in Short Blades
 16749 | Lair:5   | Entered Level 5 of the Lair of Beasts
 17001 | Lair:5   | Reached skill level 5 in Evocations
 17216 | Lair:4   | Acquired a manual of Shields
 17520 | Lair:5   | Reached XP level 15. HP: 63/81 MP: 18/23
 18589 | Orc:1    | Entered Level 1 of the Orcish Mines
 18787 | Orc:1    | Found Qukoaru's Assorted Antiques.
 18790 | Orc:1    | Bought a glowing helmet for 150 gold pieces
 18790 | Orc:1    | Bought an orange potion for 18 gold pieces
 19070 | Orc:1    | Noticed an orc warlord
 19224 | Orc:1    | Killed an orc warlord
 19366 | Orc:1    | Reached skill level 10 in Invocations
 19755 | Orc:2    | Entered Level 2 of the Orcish Mines
 20209 | Orc:2    | Found a burning altar of Makhleb.
 20390 | Orc:2    | Found Senamuez's Armour Boutique.
 20390 | Orc:2    | Found Gyajoc's General Store.
 20392 | Orc:2    | Found Osaesoi's Weapon Shoppe.
 20394 | Orc:2    | Found Pyxi Jax's Jewellery Shop.
 20406 | Orc:2    | Bought the ring "Ziejyam" {rCorr Int+5} for 450 gold pieces
 20567 | D:13     | Bought an amulet of reflection for 390 gold pieces
 20706 | Spider:1 | Entered Level 1 of the Spider Nest
 20814 | Spider:1 | Reached skill level 15 in Short Blades
 21140 | Spider:2 | Slain by a ghost moth

Illustrated notes

Levels and vault maps discovered:
D:1:      saegor_arrival_simple_e, layout_basic
D:2:      layout_loops_cross, serial_shops, nicolae_shop_hallway_stairs, shop,
          dreamdust_princess_corridor, minmay_statues_item
D:3:      layout_rooms, mainiacjoe_overflow_tiny_flanked, grunt_gozag_statues,
          nicolae_tso_carved_into_rock, mainiacjoe_overflow_large_starburst,
          serial_shops, shop, nicolae_diamond_shop, shop, grunt_ministairs_3,
          uniq_natasha, uniq_ijyb, uniq_grinder
D:4:      minmay_chambers_of_twos, layout_basic, slow_altar_1,
          nicolae_ossuary_entry_ruins, serial_shops, nicolae_shop_trees,
          minmay_misc_feat_hallway
D:5:      layout_loops_corners, overflow_temple_1_default,
          dreamdust_wishing_well, nicolae_goblin_pals, uniq_prince_ribbit1
D:6:      layout_cave_pools, lemuel_zombie_altar_yredelemnul,
          kennysheep_mini_moat, temple_doors_cd, gup_sewer_entry_bowl,
          blue_anna_alchemist, kennysheep_cluttered_room
D:7:      lemuel_slime, layout_loops_ring, serial_shops,
          nicolae_shop_gibbet_a_chance, the_hattery, uniq_maggie
D:8:      kennysheep_six_static_rooms, layout_loops_corners,
          worldfamousw_hep_ancestral_shrine, minmay_misc_feat_four_crosses,
          corexii_hall_statues_l, uniq_maurice
D:9:      layout_basic, enter_bailey_3, nicolae_two_hexagons
D:10:     layout_roguey, mainiacjoe_overflow_surrounded_room,
          mainiacjoe_overflow_alcove_1, erik_orc_1
D:11:     layout_stronghold, erik_lair_orcish_takeover, enter_trove_6,
          uniq_josephine
D:12:     layout_basic
D:13:     layout_irregular_city, hellmonk_vaults_attempted_burglary,
          serial_shops, freezing_bzr, nicolae_shop_real_fake_doors,
          nicolae_shop_pleasant_corner_grove, nicolae_shop_gaudy_bauble,
          uniq_nessos
D:14:     layout_roguey, lemuel_doored_altar, minmay_misc_feat_doors
D:15:     grunt_enter_depths_magical_seal, layout_basic, glass_columns_b
Temple:   cyrus_temple_forest
Lair:1:   layout_long_grid, serial_rivers, chequers_serial_rivers_marsh,
          chequers_serial_rivers_room_a, chequers_serial_rivers_small_3,
          chequers_serial_rivers_marsh, chequers_serial_rivers_small_b,
          chequers_serial_rivers_small_b, chequers_serial_rivers_small_3
Lair:2:   layout_gridlike, nicolae_spider_entry_non_spiders, basic_altar
Lair:3:   layout_layer_cave, mainiacjoe_shoals_entry_four_pools,
          gammafunk_ghost_arena, chequers_serial_rivers_small_b
Lair:4:   layout_regular_city, infiniplex_staircase_pool
Lair:5:   evilmike_catoblepas_cave, layout_cave_pods,
          minmay_slime_entry_oklob_enclosed, grunt_megastairs_4,
          infiniplex_staircase_pool_2
Spider:1: layout_spider_delve, nicolae_spider_webs_and_nodes
Spider:2: layout_spider_delve
Orc:1:    cheibrodos_orc_bank, layout_caves, serial_shops,
          nicolae_shop_tiny_real_fake_doors, minmay_orc_temple_b
Orc:2:    st_orc_rangers, layout_caves, basic_altar, bloody_makhleb

Skill      XL: |  1  2  3  4  5  6  7  8  9 10 11 12 13 14 15 |
---------------+----------------------------------------------+-----
Short Blades   | 2 3 4 5 7 8 10 11 12 13 14 15 | 15.0
Dodging        | 1 2 3 4 5 6 7 8 9 |  9.9
Stealth        | 5 6 7 8 |  8.8
Fighting       | 2 3 4 5 6 7 8 9 10 11 | 11.0
Invocations    | 3 4 6 7 8 9 10 | 10.2
Evocations     | 2 4 5 6 |  6.2
Shields        | 1 5 7 9 |  9.9
Throwing       | |  1.7

Action                     |  1- 3 |  4- 6 |  7- 9 | 10-12 | 13-15 || total
---------------------------+-------+-------+-------+-------+-------++-------
  Melee: Dagger            |    62 |   128 |   350 |    53 |       ||   593
         Bite              |    13 |    41 |   106 |   192 |   413 ||   765
         Punch             |       |     1 |     4 |     4 |       ||     9
         Short sword       |       |       |       |   407 |   868 ||  1275
  Throw: Dart              |       |       |     2 |    11 |       ||    13
 Invoke: Line Pass         |       |       |       |     3 |       ||     3
         Stomp             |       |       |       |     6 |       ||     6
  Evoke: Wand              |       |     4 |     1 |     3 |     1 ||     9
         Box of beasts     |       |       |       |       |     1 ||     1
         Tin of tremorston |       |       |       |       |     1 ||     1
    Use: Scroll            |       |     8 |    10 |     8 |     5 ||    31
         Potion            |       |       |       |     1 |     2 ||     3
   Stab: Sleeping          |    11 |     7 |    31 |    17 |    25 ||    91
         Paralysed         |       |     1 |     4 |    52 |    64 ||   121
         Distracted        |       |       |     1 |     4 |     2 ||     7
         Confused          |       |       |       |     4 |       ||     4
         Petrifying        |       |       |       |       |     3 ||     3
         Petrified         |       |       |       |       |     1 ||     1
 Armour: Robe              |    19 |    51 |   125 |       |       ||   195
         Steam dragon scal |       |       |       |   146 |       ||   146
         Leather armour    |       |       |       |    30 |   270 ||   300
  Dodge: Dodged            |    20 |    54 |   170 |   276 |   526 ||  1046
         Repelled          |       |       |       |       |     7 ||     7
  Block: Buckler           |       |       |       |       |   249 ||   249
Riposte: Short sword       |       |       |       |    55 |   142 ||   197
